Connexion

PITTSBURGH Penguins vs FLORIDA Panthers

Created - 22 mars 2024 at 05:43

Goals
1 2 3 T
PITTSBURGH Penguins 0 1 1 2
FLORIDA Panthers 3 3 0 6
Shots
1 2 3 T
PITTSBURGH Penguins 5 10 8 23
FLORIDA Panthers 14 18 7 39

GoalsPenalties
1st period
1. FLORIDA Panthers , Rickard Rakell 23 (Jacob Trouba 22, Michael Bunting 12) at 1:03
2. FLORIDA Panthers , Mario Ferraro 8 (Ian Cole 40, Mark Scheifele 26) at 13:49
3. FLORIDA Panthers , Mario Ferraro 9 (Rickard Rakell 29, Cody Eakin 28) at 19:33
Ross Colton (PIT) for Holding Stick (Minor) at 7:18
Jacob Trouba (FLO) for Delaying the game (Minor) at 19:40
2nd period
4. PITTSBURGH Penguins , Gustav Nyquist 28 (William Nylander 26, Anton Lindholm 45) at 1:25 (PP)
5. FLORIDA Panthers , Mark Scheifele 25 (Barclay Goodrow 21) at 4:46
6. FLORIDA Panthers , Kiril Kaprizov 17 (Noah Hanifin 48, Nikolay Goldobin 34) at 7:31
7. FLORIDA Panthers , Rickard Rakell 24 (Cody Eakin 29) at 7:49
Ross Colton (PIT) for Delaying the game (Minor) at 8:25
Kevin Connauton (PIT) for Cross-checking (Minor) at 19:45
3rd period
8. PITTSBURGH Penguins , Brad Marchand 32 (Connor McDavid 39, Jake Gardiner 57) at 18:01
No Penalty
Goalie Stats
Darcy Kuemper (PIT), 21 saves from 23 shots - (0,913), 35:14 minutes
Jonathan Quick (PIT), 12 saves from 16 shots - (0,750), L, 13-9-0, 24:46 minutes
Jake Allen (FLO), 21 saves from 23 shots - (0,913), W, 9-14-2, 60:00 minutes
3 StarsOfficial
1 - Rickard Rakell (FLO)
2 - Mario Ferraro (FLO)
3 - Mark Scheifele (FLO)
Referees : Frederick L'Ecuyer and Kyle Rehman
Linesman : Darren Gibbs and Brian Mach
Game Note
Darcy Kuemper enters game at 4:46 of 2nd period
Finance
Level 1 -- Attendance: 5861 (97,68%) -- Ticket Income $761,930
Level 2 -- Attendance: 5563 (89,01%) -- Ticket Income $361,595
Level 3 -- Attendance: 2000 (100,00%) -- Ticket Income $100,000
Level 4 -- Attendance: 4000 (100,00%) -- Ticket Income $120,000
Luxury Box -- Attendance: 955 (95,50%) -- Ticket Income $229,200
Game was played at the BankAtlantic Center.
Total Attendance: 18379 (95,48%)
Total Ticket Income: $1,572,725
Other Income: $314,545
Total Income: $1,887,270



Team Name Goals Shots Shots Attemp Shots Blocked PIM HIT PP PK FO%
PITTSBURGH Penguins 2234496161 / 1 (100%)046%
FLORIDA Panthers 6397762190 / 3 (0%)154%

PITTSBURGH Penguins
Player Name POS G A P +/- PIM HIT SHT SB MP PP MP PP SHT PK MP PK SHT FO% FOT
Adam LarssonD000-2050122:040:5602:3900% 0
Alexander BarabanovLW/RW000-2010113:420:0000:0000% 1
Andrei SvechnikovLW/RW000-3034021:170:3700:000100% 1
Anton LindholmD011-2000322:040:5602:3900% 0
Brad MarchandLW/RW1010024023:311:0804:27067% 3
Connor McDavidC0110001023:311:0804:27048% 33
Gustav NyquistC/LW/RW101-2001118:280:3711:30025% 4
Jake GardinerD011-1010022:530:4903:1800% 0
Justin KloosC/RW000-100104:190:0000:00067% 6
Kevin ConnautonD000-2210115:020:0000:0000% 0
Matthew NietoLW/RW000000000:000:0000:0000% 0
Milan LucicLW000-100204:190:0000:0000% 0
Oliver Bjorkstrand LW/RW0000001020:341:0801:300100% 1
Ross ColtonC000-2432013:400:0000:00053% 17
Trevor CarrickD000-2000115:030:0000:0000% 0
Vitali KravtsovRW000-2002013:420:0000:00050% 2
Will ButcherD000-1002122:530:4903:1800% 0
William NylanderC/RW011-2003016:580:3700:00015% 13
FLORIDA Panthers
Player Name POS G A P +/- PIM HIT SHT SB MP PP MP PP SHT PK MP PK SHT FO% FOT
Barclay GoodrowLW/RW0112021017:210:0000:0000% 0
Carter VerhaegheC/RW0002006017:240:0000:0300% 2
Cody EakinC/LW0223002011:440:0000:00058% 12
Ian ColeD0112011020:572:2310:4400% 0
Jacob TroubaD0113210214:110:0000:0000% 0
Jared Spurgeon D0000011224:513:3411:0100% 0
Justin ScottC/LW/RW000001108:393:0010:1800% 1
Kiril KaprizovLW1010004022:132:5701:2400% 0
Mario FerraroD2022012120:572:2300:4400% 0
Mark ScheifeleC1122013021:422:5701:24063% 30
Michael BuntingLW0113001011:440:0000:0000% 1
Mikael BacklundC/LW0000021121:103:0010:18054% 24
Morgan GeekieC000000005:210:0000:00057% 7
Nikita ZadorovD0003030014:120:0000:0000% 0
Nikolay GoldobinLW/RW0110016020:492:5700:00033% 3
Noah HanifinD0110034024:513:3431:0100% 0
Rickard RakellC/LW/RW2133025014:473:0010:0300% 1
Taro HiroseLW000000105:210:0000:0000% 0



Play-by-Play

1st period


0:01 of 1st period - Mikael Backlund wins face-off versus Connor McDavid in neutral zone.
0:38 of 1st period - Shot by Kiril Kaprizov.
0:38 of 1st period - Shot Misses the Net.
0:40 of 1st period - Shot by Kiril Kaprizov.
0:40 of 1st period - Stopped by Jonathan Quick without a rebound.
0:41 of 1st period - William Nylander wins face-off versus Carter Verhaeghe in PITTSBURGH Penguins zone.
0:41 of 1st period - William Nylander is hit by Barclay Goodrow.
0:55 of 1st period - Shot by Carter Verhaeghe.
0:55 of 1st period - Stopped by Jonathan Quick without a rebound.
0:56 of 1st period - Ross Colton wins face-off versus Cody Eakin in PITTSBURGH Penguins zone.
1:03 of 1st period - Shot by Rickard Rakell.
1:03 of 1st period - Goal by Rickard Rakell - PITTSBURGH Penguins : 0 - FLORIDA Panthers : 1.
1:04 of 1st period - Morgan Geekie wins face-off versus Justin Kloos in neutral zone.
1:04 of 1st period - Morgan Geekie is hit by Andrei Svechnikov.
1:41 of 1st period - Shot by Milan Lucic.
1:41 of 1st period - Stopped by Jake Allen without a rebound.
1:42 of 1st period - Mark Scheifele wins face-off versus Ross Colton in FLORIDA Panthers zone.
2:16 of 1st period - Icing by Adam Larsson.
2:17 of 1st period - Cody Eakin wins face-off versus Vitali Kravtsov in PITTSBURGH Penguins zone.
3:06 of 1st period - Will Butcher is hit by Rickard Rakell and loses puck.
3:12 of 1st period - Jake Gardiner is hit by Rickard Rakell and loses puck.
3:54 of 1st period - Shot by Nikolay Goldobin.
3:54 of 1st period - Stopped by Jonathan Quick with a rebound.
3:56 of 1st period - Shot by Nikolay Goldobin.
3:56 of 1st period - Stopped by Jonathan Quick without a rebound.
3:57 of 1st period - Mark Scheifele wins face-off versus Connor McDavid in PITTSBURGH Penguins zone.
4:57 of 1st period - Off-side.
4:58 of 1st period - Mikael Backlund wins face-off versus Ross Colton in neutral zone.
5:03 of 1st period - Shot by Nikolay Goldobin.
5:03 of 1st period - Stopped by Jonathan Quick with a rebound.
5:14 of 1st period - Ross Colton is hit by Noah Hanifin and loses puck.
5:24 of 1st period - Vitali Kravtsov is hit by Jared Spurgeon and loses puck.
6:47 of 1st period - Justin Scott is hit by Kevin Connauton and loses puck.
7:03 of 1st period - Off-side.
7:04 of 1st period - Ross Colton wins face-off versus Mark Scheifele in neutral zone.
7:07 of 1st period - Shot by Vitali Kravtsov.
7:07 of 1st period - Shot Misses the Net.
7:18 of 1st period - Minor Penalty to Ross Colton for Holding Stick.
7:19 of 1st period - Mark Scheifele wins face-off versus Connor McDavid in PITTSBURGH Penguins zone.
7:40 of 1st period - Icing by Mark Scheifele.
7:41 of 1st period - Mark Scheifele wins face-off versus Connor McDavid in FLORIDA Panthers zone.
7:46 of 1st period - Shot by Nikolay Goldobin.
7:46 of 1st period - Deflect By Kiril Kaprizov.
7:46 of 1st period - Shot Misses the Net.
8:18 of 1st period - Shot by Justin Scott.
8:18 of 1st period - Stopped by Jonathan Quick without a rebound.
8:19 of 1st period - Mikael Backlund wins face-off versus Connor McDavid in PITTSBURGH Penguins zone.
9:21 of 1st period - Shot by Mark Scheifele.
9:21 of 1st period - Stopped by Jonathan Quick without a rebound.
9:22 of 1st period - Mark Scheifele wins face-off versus William Nylander in PITTSBURGH Penguins zone.
9:51 of 1st period - Shot by Mark Scheifele.
9:51 of 1st period - Stopped by Jonathan Quick without a rebound.
9:52 of 1st period - Ross Colton wins face-off versus Cody Eakin in PITTSBURGH Penguins zone.
10:06 of 1st period - Icing by Ian Cole.
10:07 of 1st period - Cody Eakin wins face-off versus Connor McDavid in FLORIDA Panthers zone.
10:16 of 1st period - Shot by Brad Marchand.
10:16 of 1st period - Stopped by Jake Allen without a rebound.
10:17 of 1st period - Mikael Backlund wins face-off versus Connor McDavid in FLORIDA Panthers zone.
10:42 of 1st period - Shot by Connor McDavid.
10:42 of 1st period - Shot Hit the Post.
10:44 of 1st period - Shot by Oliver Bjorkstrand .
10:44 of 1st period - Shot Misses the Net.
10:46 of 1st period - Shot by Will Butcher.
10:46 of 1st period - Stopped by Jake Allen without a rebound.
10:47 of 1st period - Mark Scheifele wins face-off versus William Nylander in FLORIDA Panthers zone.
11:10 of 1st period - Andrei Svechnikov is hit by Mark Scheifele and loses puck.
11:25 of 1st period - Icing by Mark Scheifele.
11:26 of 1st period - Mark Scheifele wins face-off versus Connor McDavid in FLORIDA Panthers zone.
11:26 of 1st period - Mark Scheifele is hit by Brad Marchand.
11:35 of 1st period - Icing by Mario Ferraro.
11:36 of 1st period - Connor McDavid wins face-off versus Mark Scheifele in FLORIDA Panthers zone.
12:39 of 1st period - Shot by Nikolay Goldobin.
12:39 of 1st period - Stopped by Jonathan Quick without a rebound.
12:40 of 1st period - Cody Eakin wins face-off versus Justin Kloos in PITTSBURGH Penguins zone.
13:45 of 1st period - Shot by Mark Scheifele.
13:45 of 1st period - Shot Blocked by Alexander Barabanov.
13:47 of 1st period - Shot by Ian Cole.
13:47 of 1st period - Shot Blocked by Trevor Carrick.
13:49 of 1st period - Shot by Mario Ferraro.
13:49 of 1st period - Goal by Mario Ferraro - PITTSBURGH Penguins : 0 - FLORIDA Panthers : 2.
13:50 of 1st period - Mikael Backlund wins face-off versus Connor McDavid in neutral zone.
13:53 of 1st period - Shot by Kiril Kaprizov.
13:53 of 1st period - Stopped by Jonathan Quick without a rebound.
13:54 of 1st period - Connor McDavid wins face-off versus Mikael Backlund in PITTSBURGH Penguins zone.
14:35 of 1st period - Shot by Mikael Backlund.
14:35 of 1st period - Shot Hit the Post.
14:59 of 1st period - Shot by Gustav Nyquist.
14:59 of 1st period - Deflect By William Nylander.
14:59 of 1st period - Shot Blocked by Mikael Backlund.
15:01 of 1st period - Shot by Adam Larsson.
15:01 of 1st period - Deflect By William Nylander.
15:01 of 1st period - Stopped by Jake Allen without a rebound.
15:02 of 1st period - Mark Scheifele wins face-off versus Ross Colton in FLORIDA Panthers zone.
15:02 of 1st period - Mark Scheifele is hit by Ross Colton.
15:18 of 1st period - Shot by Carter Verhaeghe.
15:18 of 1st period - Shot Misses the Net.
15:20 of 1st period - Shot by Carter Verhaeghe.
15:20 of 1st period - Stopped by Jonathan Quick without a rebound.
15:21 of 1st period - Cody Eakin wins face-off versus William Nylander in PITTSBURGH Penguins zone.
15:45 of 1st period - William Nylander is hit by Nikita Zadorov and loses puck.
15:53 of 1st period - Gustav Nyquist is hit by Jacob Trouba and loses puck.
18:54 of 1st period - Shot by Milan Lucic.
18:54 of 1st period - Stopped by Jake Allen without a rebound.
18:55 of 1st period - Justin Kloos wins face-off versus Rickard Rakell in FLORIDA Panthers zone.
19:31 of 1st period - Shot by Rickard Rakell.
19:31 of 1st period - Shot Misses the Net.
19:33 of 1st period - Shot by Mario Ferraro.
19:33 of 1st period - Goal by Mario Ferraro - PITTSBURGH Penguins : 0 - FLORIDA Panthers : 3.
19:34 of 1st period - Connor McDavid wins face-off versus Mark Scheifele in neutral zone.
19:40 of 1st period - Minor Penalty to Jacob Trouba for Delaying the game.
19:41 of 1st period - Mark Scheifele wins face-off versus Connor McDavid in FLORIDA Panthers zone.
19:47 of 1st period - Icing by Connor McDavid.
19:48 of 1st period - Mark Scheifele wins face-off versus Connor McDavid in PITTSBURGH Penguins zone.
Goals for this period are 0 for PITTSBURGH Penguins vs 3 for FLORIDA Panthers.
Shots for this period are 5 for PITTSBURGH Penguins vs 14 for FLORIDA Panthers.

2nd period


0:01 of 2nd period - Mark Scheifele wins face-off versus Connor McDavid in neutral zone.
0:10 of 2nd period - Shot by Jake Gardiner.
0:10 of 2nd period - Shot Misses the Net.
0:19 of 2nd period - Brad Marchand is hit by Mario Ferraro and loses puck.
0:22 of 2nd period - Shot by Jake Gardiner.
0:22 of 2nd period - Shot Misses the Net.
0:40 of 2nd period - Shot by Jake Gardiner.
0:40 of 2nd period - Deflect By Brad Marchand.
0:40 of 2nd period - Shot Misses the Net.
0:42 of 2nd period - Shot by Will Butcher.
0:42 of 2nd period - Shot Misses the Net.
0:44 of 2nd period - Shot by Will Butcher.
0:44 of 2nd period - Shot Blocked by Jared Spurgeon .
1:17 of 2nd period - Icing by Anton Lindholm.
1:18 of 2nd period - William Nylander wins face-off versus Mark Scheifele in PITTSBURGH Penguins zone.
1:25 of 2nd period - Shot by Gustav Nyquist.
1:25 of 2nd period - Goal by Gustav Nyquist - PITTSBURGH Penguins : 1 - FLORIDA Panthers : 3.
1:26 of 2nd period - Vitali Kravtsov wins face-off versus Morgan Geekie in neutral zone.
1:52 of 2nd period - Vitali Kravtsov is hit by Nikita Zadorov and loses puck.
1:55 of 2nd period - Shot by Ross Colton.
1:55 of 2nd period - Stopped by Jake Allen with a rebound.
1:59 of 2nd period - Shot by Vitali Kravtsov.
1:59 of 2nd period - Stopped by Jake Allen without a rebound.
2:00 of 2nd period - Connor McDavid wins face-off versus Cody Eakin in FLORIDA Panthers zone.
2:01 of 2nd period - Shot by Brad Marchand.
2:01 of 2nd period - Stopped by Jake Allen with a rebound.
2:37 of 2nd period - Shot by Cody Eakin.
2:37 of 2nd period - Stopped by Jonathan Quick with a rebound.
2:39 of 2nd period - Shot by Cody Eakin.
2:39 of 2nd period - Shot Misses the Net.
3:14 of 2nd period - Off-side.
3:15 of 2nd period - Ross Colton wins face-off versus Mikael Backlund in neutral zone.
3:46 of 2nd period - Shot by Ross Colton.
3:46 of 2nd period - Shot Misses the Net.
3:51 of 2nd period - Icing by Kiril Kaprizov.
3:52 of 2nd period - Mikael Backlund wins face-off versus William Nylander in FLORIDA Panthers zone.
4:02 of 2nd period - Mikael Backlund is hit by Adam Larsson and loses puck.
4:44 of 2nd period - Shot by Barclay Goodrow.
4:44 of 2nd period - Shot Misses the Net.
4:46 of 2nd period - Shot by Mark Scheifele.
4:46 of 2nd period - Goal by Mark Scheifele - PITTSBURGH Penguins : 1 - FLORIDA Panthers : 4.
4:46 of 2nd period - Darcy Kuemper enters game.
4:47 of 2nd period - Morgan Geekie wins face-off versus Connor McDavid in neutral zone.
5:18 of 2nd period - Shot by Brad Marchand.
5:18 of 2nd period - Stopped by Jake Allen without a rebound.
5:19 of 2nd period - Mark Scheifele wins face-off versus Ross Colton in FLORIDA Panthers zone.
5:49 of 2nd period - Off-side.
5:50 of 2nd period - Connor McDavid wins face-off versus Nikolay Goldobin in neutral zone.
6:01 of 2nd period - Shot by Brad Marchand.
6:01 of 2nd period - Shot Misses the Net.
6:17 of 2nd period - Shot by Nikolay Goldobin.
6:17 of 2nd period - Shot Misses the Net.
6:19 of 2nd period - Shot by Nikolay Goldobin.
6:19 of 2nd period - Stopped by Darcy Kuemper without a rebound.
6:20 of 2nd period - Mark Scheifele wins face-off versus William Nylander in PITTSBURGH Penguins zone.
6:21 of 2nd period - Shot by Carter Verhaeghe.
6:21 of 2nd period - Stopped by Darcy Kuemper without a rebound.
6:22 of 2nd period - Mark Scheifele wins face-off versus William Nylander in PITTSBURGH Penguins zone.
7:31 of 2nd period - Shot by Kiril Kaprizov.
7:31 of 2nd period - Goal by Kiril Kaprizov - PITTSBURGH Penguins : 1 - FLORIDA Panthers : 5.
7:32 of 2nd period - Cody Eakin wins face-off versus Connor McDavid in neutral zone.
7:41 of 2nd period - Shot by Michael Bunting.
7:41 of 2nd period - Deflect By Rickard Rakell.
7:41 of 2nd period - Stopped by Darcy Kuemper with a rebound.
7:49 of 2nd period - Shot by Rickard Rakell.
7:49 of 2nd period - Goal by Rickard Rakell - PITTSBURGH Penguins : 1 - FLORIDA Panthers : 6.
7:50 of 2nd period - Mikael Backlund wins face-off versus Alexander Barabanov in neutral zone.
7:50 of 2nd period - Mikael Backlund is hit by Ross Colton.
8:09 of 2nd period - Kevin Connauton is hit by Mikael Backlund and loses puck.
8:25 of 2nd period - Minor Penalty to Ross Colton for Delaying the game.
8:26 of 2nd period - Connor McDavid wins face-off versus Mikael Backlund in PITTSBURGH Penguins zone.
8:40 of 2nd period - Shot by Justin Scott.
8:40 of 2nd period - Shot Misses the Net.
8:42 of 2nd period - Shot by Mikael Backlund.
8:42 of 2nd period - Stopped by Darcy Kuemper without a rebound.
8:43 of 2nd period - Mark Scheifele wins face-off versus Brad Marchand in PITTSBURGH Penguins zone.
8:43 of 2nd period - Mark Scheifele is hit by Adam Larsson.
8:45 of 2nd period - Shot by Noah Hanifin.
8:45 of 2nd period - Stopped by Darcy Kuemper with a rebound.
8:47 of 2nd period - Shot by Nikolay Goldobin.
8:47 of 2nd period - Shot Misses the Net.
8:49 of 2nd period - Shot by Noah Hanifin.
8:49 of 2nd period - Stopped by Darcy Kuemper with a rebound.
8:51 of 2nd period - Shot by Nikolay Goldobin.
8:51 of 2nd period - Shot Blocked by Adam Larsson.
8:53 of 2nd period - Shot by Noah Hanifin.
8:53 of 2nd period - Shot Misses the Net.
9:57 of 2nd period - Shot by Rickard Rakell.
9:57 of 2nd period - Stopped by Darcy Kuemper without a rebound.
9:58 of 2nd period - Brad Marchand wins face-off versus Mark Scheifele in PITTSBURGH Penguins zone.
10:21 of 2nd period - Shot by Jared Spurgeon .
10:21 of 2nd period - Stopped by Darcy Kuemper without a rebound.
10:22 of 2nd period - Mikael Backlund wins face-off versus Gustav Nyquist in PITTSBURGH Penguins zone.
10:25 of 2nd period - Shot by Rickard Rakell.
10:25 of 2nd period - Shot Misses the Net.
10:34 of 2nd period - Justin Kloos is hit by Nikita Zadorov.
10:48 of 2nd period - Shot by Andrei Svechnikov.
10:48 of 2nd period - Stopped by Jake Allen without a rebound.
10:49 of 2nd period - Morgan Geekie wins face-off versus Ross Colton in FLORIDA Panthers zone.
10:53 of 2nd period - Icing by Mario Ferraro.
10:54 of 2nd period - Andrei Svechnikov wins face-off versus Morgan Geekie in FLORIDA Panthers zone.
11:07 of 2nd period - Shot by Will Butcher.
11:07 of 2nd period - Stopped by Jake Allen without a rebound.
11:08 of 2nd period - Connor McDavid wins face-off versus Mikael Backlund in FLORIDA Panthers zone.
11:44 of 2nd period - Oliver Bjorkstrand is hit by Noah Hanifin.
11:46 of 2nd period - Shot by Brad Marchand.
11:46 of 2nd period - Deflect By Oliver Bjorkstrand .
11:46 of 2nd period - Shot Blocked by Jared Spurgeon .
12:18 of 2nd period - Shot by Andrei Svechnikov.
12:18 of 2nd period - Stopped by Jake Allen without a rebound.
12:19 of 2nd period - Cody Eakin wins face-off versus Ross Colton in FLORIDA Panthers zone.
13:20 of 2nd period - Shot by Andrei Svechnikov.
13:20 of 2nd period - Stopped by Jake Allen with a rebound.
13:22 of 2nd period - Shot by William Nylander.
13:22 of 2nd period - Stopped by Jake Allen without a rebound.
13:23 of 2nd period - Mark Scheifele wins face-off versus Connor McDavid in FLORIDA Panthers zone.
13:50 of 2nd period - Shot by Noah Hanifin.
13:50 of 2nd period - Shot Misses the Net.
13:52 of 2nd period - Shot by Jared Spurgeon .
13:52 of 2nd period - Deflect By Barclay Goodrow.
13:52 of 2nd period - Shot Misses the Net.
13:54 of 2nd period - Shot by Mark Scheifele.
13:54 of 2nd period - Shot Misses the Net.
13:56 of 2nd period - Shot by Mark Scheifele.
13:56 of 2nd period - Shot Blocked by Anton Lindholm.
14:02 of 2nd period - Shot by Carter Verhaeghe.
14:02 of 2nd period - Stopped by Darcy Kuemper without a rebound.
14:03 of 2nd period - Mikael Backlund wins face-off versus Gustav Nyquist in PITTSBURGH Penguins zone.
14:13 of 2nd period - Mikael Backlund is hit by Jake Gardiner.
14:19 of 2nd period - Shot by Nikolay Goldobin.
14:19 of 2nd period - Shot Misses the Net.
14:21 of 2nd period - Shot by Kiril Kaprizov.
14:21 of 2nd period - Stopped by Darcy Kuemper without a rebound.
14:22 of 2nd period - Morgan Geekie wins face-off versus Ross Colton in PITTSBURGH Penguins zone.
14:57 of 2nd period - Shot by Taro Hirose.
14:57 of 2nd period - Shot Misses the Net.
14:59 of 2nd period - Shot by Morgan Geekie.
14:59 of 2nd period - Shot Misses the Net.
15:01 of 2nd period - Shot by Justin Scott.
15:01 of 2nd period - Shot Misses the Net.
15:25 of 2nd period - Shot by Nikolay Goldobin.
15:25 of 2nd period - Stopped by Darcy Kuemper without a rebound.
15:26 of 2nd period - Connor McDavid wins face-off versus Carter Verhaeghe in PITTSBURGH Penguins zone.
15:58 of 2nd period - Icing by Jake Gardiner.
15:59 of 2nd period - Mikael Backlund wins face-off versus Connor McDavid in PITTSBURGH Penguins zone.
16:19 of 2nd period - Jake Gardiner is hit by Noah Hanifin and loses puck.
16:29 of 2nd period - Kiril Kaprizov is hit by Adam Larsson and loses puck.
16:35 of 2nd period - Off-side.
16:36 of 2nd period - Justin Kloos wins face-off versus Mark Scheifele in neutral zone.
16:44 of 2nd period - Shot by Carter Verhaeghe.
16:44 of 2nd period - Stopped by Darcy Kuemper with a rebound.
17:02 of 2nd period - Shot by Carter Verhaeghe.
17:02 of 2nd period - Stopped by Darcy Kuemper without a rebound.
17:03 of 2nd period - Cody Eakin wins face-off versus Ross Colton in PITTSBURGH Penguins zone.
17:03 of 2nd period - Michael Bunting is hit by Adam Larsson.
17:48 of 2nd period - Michael Bunting is hit by Adam Larsson.
18:24 of 2nd period - Noah Hanifin is hit by Brad Marchand.
19:45 of 2nd period - Minor Penalty to Kevin Connauton for Cross-checking.
19:46 of 2nd period - Connor McDavid wins face-off versus Mikael Backlund in PITTSBURGH Penguins zone.
19:59 of 2nd period - Shot by Noah Hanifin.
19:59 of 2nd period - Stopped by Darcy Kuemper without a rebound.
Goals for this period are 1 for PITTSBURGH Penguins vs 3 for FLORIDA Panthers.
Shots for this period are 10 for PITTSBURGH Penguins vs 18 for FLORIDA Panthers.

3rd period


0:01 of 3rd period - Connor McDavid wins face-off versus Mark Scheifele in neutral zone.
0:42 of 3rd period - Shot by Noah Hanifin.
0:42 of 3rd period - Shot Misses the Net.
0:44 of 3rd period - Shot by Nikolay Goldobin.
0:44 of 3rd period - Deflect By Kiril Kaprizov.
0:44 of 3rd period - Shot Blocked by Will Butcher.
1:02 of 3rd period - Shot by Ian Cole.
1:02 of 3rd period - Shot Misses the Net.
1:18 of 3rd period - Shot by Ian Cole.
1:18 of 3rd period - Stopped by Darcy Kuemper without a rebound.
1:19 of 3rd period - Mikael Backlund wins face-off versus Gustav Nyquist in PITTSBURGH Penguins zone.
1:20 of 3rd period - Shot by Noah Hanifin.
1:20 of 3rd period - Shot Misses the Net.
1:22 of 3rd period - Shot by Justin Scott.
1:22 of 3rd period - Shot Misses the Net.
1:50 of 3rd period - Icing by Carter Verhaeghe.
1:51 of 3rd period - Justin Kloos wins face-off versus Mark Scheifele in FLORIDA Panthers zone.
1:58 of 3rd period - Shot by Justin Kloos.
1:58 of 3rd period - Stopped by Jake Allen without a rebound.
1:59 of 3rd period - Mark Scheifele wins face-off versus William Nylander in FLORIDA Panthers zone.
2:30 of 3rd period - Shot by Gustav Nyquist.
2:30 of 3rd period - Shot Misses the Net.
3:18 of 3rd period - Icing by Noah Hanifin.
3:19 of 3rd period - Ross Colton wins face-off versus Mikael Backlund in FLORIDA Panthers zone.
3:52 of 3rd period - Michael Bunting is hit by Alexander Barabanov and loses puck.
4:10 of 3rd period - Off-side.
4:11 of 3rd period - Oliver Bjorkstrand wins face-off versus Mark Scheifele in neutral zone.
4:29 of 3rd period - Shot by Connor McDavid.
4:29 of 3rd period - Stopped by Jake Allen with a rebound.
4:31 of 3rd period - Shot by Brad Marchand.
4:31 of 3rd period - Shot Blocked by Mario Ferraro.
5:11 of 3rd period - Icing by Brad Marchand.
5:12 of 3rd period - Brad Marchand wins face-off versus Mikael Backlund in PITTSBURGH Penguins zone.
5:35 of 3rd period - Icing by Oliver Bjorkstrand .
5:36 of 3rd period - Connor McDavid wins face-off versus Michael Bunting in PITTSBURGH Penguins zone.
6:40 of 3rd period - Icing by Andrei Svechnikov.
6:41 of 3rd period - Gustav Nyquist wins face-off versus Mikael Backlund in PITTSBURGH Penguins zone.
7:54 of 3rd period - Vitali Kravtsov is hit by Barclay Goodrow and loses puck.
8:13 of 3rd period - Barclay Goodrow is hit by Ross Colton and loses puck.
8:17 of 3rd period - Icing by Ian Cole.
8:18 of 3rd period - Connor McDavid wins face-off versus Mark Scheifele in FLORIDA Panthers zone.
9:37 of 3rd period - Icing by Nikolay Goldobin.
9:38 of 3rd period - Justin Kloos wins face-off versus Mikael Backlund in FLORIDA Panthers zone.
11:59 of 3rd period - Shot by Rickard Rakell.
11:59 of 3rd period - Shot Misses the Net.
12:01 of 3rd period - Shot by Cody Eakin.
12:01 of 3rd period - Stopped by Darcy Kuemper with a rebound.
12:03 of 3rd period - Shot by Jacob Trouba.
12:03 of 3rd period - Shot Misses the Net.
12:05 of 3rd period - Shot by Rickard Rakell.
12:05 of 3rd period - Stopped by Darcy Kuemper without a rebound.
12:06 of 3rd period - Mikael Backlund wins face-off versus William Nylander in PITTSBURGH Penguins zone.
12:21 of 3rd period - Shot by William Nylander.
12:21 of 3rd period - Stopped by Jake Allen without a rebound.
12:22 of 3rd period - Connor McDavid wins face-off versus Morgan Geekie in FLORIDA Panthers zone.
12:29 of 3rd period - Shot by Oliver Bjorkstrand .
12:29 of 3rd period - Shot Misses the Net.
12:35 of 3rd period - Shot by Justin Scott.
12:35 of 3rd period - Shot Misses the Net.
12:37 of 3rd period - Shot by Justin Scott.
12:37 of 3rd period - Shot Misses the Net.
12:39 of 3rd period - Shot by Taro Hirose.
12:39 of 3rd period - Stopped by Darcy Kuemper without a rebound.
12:40 of 3rd period - Nikolay Goldobin wins face-off versus William Nylander in PITTSBURGH Penguins zone.
12:43 of 3rd period - Shot by Kiril Kaprizov.
12:43 of 3rd period - Deflect By Nikolay Goldobin.
12:43 of 3rd period - Shot Blocked by Kevin Connauton.
12:45 of 3rd period - Shot by Noah Hanifin.
12:45 of 3rd period - Stopped by Darcy Kuemper without a rebound.
12:46 of 3rd period - Connor McDavid wins face-off versus Mikael Backlund in PITTSBURGH Penguins zone.
12:50 of 3rd period - Will Butcher is hit by Mikael Backlund and loses puck.
13:08 of 3rd period - Icing by Jake Gardiner.
13:09 of 3rd period - Mark Scheifele wins face-off versus Connor McDavid in PITTSBURGH Penguins zone.
14:20 of 3rd period - Shot by Andrei Svechnikov.
14:20 of 3rd period - Shot Misses the Net.
14:22 of 3rd period - Shot by Anton Lindholm.
14:22 of 3rd period - Shot Misses the Net.
14:24 of 3rd period - Shot by Andrei Svechnikov.
14:24 of 3rd period - Stopped by Jake Allen without a rebound.
14:25 of 3rd period - Ross Colton wins face-off versus Cody Eakin in FLORIDA Panthers zone.
14:34 of 3rd period - Shot by Ross Colton.
14:34 of 3rd period - Shot Blocked by Jacob Trouba.
14:36 of 3rd period - Shot by Alexander Barabanov.
14:36 of 3rd period - Deflect By Ross Colton.
14:36 of 3rd period - Stopped by Jake Allen with a rebound.
14:38 of 3rd period - Shot by Alexander Barabanov.
14:38 of 3rd period - Shot Misses the Net.
14:40 of 3rd period - Shot by Kevin Connauton.
14:40 of 3rd period - Shot Misses the Net.
14:42 of 3rd period - Shot by Kevin Connauton.
14:42 of 3rd period - Shot Blocked by Jacob Trouba.
14:55 of 3rd period - Shot by Vitali Kravtsov.
14:55 of 3rd period - Stopped by Jake Allen without a rebound.
14:56 of 3rd period - Mikael Backlund wins face-off versus William Nylander in FLORIDA Panthers zone.
14:56 of 3rd period - Mikael Backlund is hit by Andrei Svechnikov.
15:50 of 3rd period - Mark Scheifele is hit by Andrei Svechnikov and loses puck.
16:22 of 3rd period - Shot by Oliver Bjorkstrand .
16:22 of 3rd period - Stopped by Jake Allen without a rebound.
16:23 of 3rd period - Connor McDavid wins face-off versus Cody Eakin in FLORIDA Panthers zone.
16:44 of 3rd period - Shot by Michael Bunting.
16:44 of 3rd period - Stopped by Darcy Kuemper without a rebound.
16:45 of 3rd period - Ross Colton wins face-off versus Justin Scott in PITTSBURGH Penguins zone.
16:45 of 3rd period - Ross Colton is hit by Justin Scott.
16:48 of 3rd period - Icing by Trevor Carrick.
16:49 of 3rd period - Ross Colton wins face-off versus Mikael Backlund in PITTSBURGH Penguins zone.
16:49 of 3rd period - Alexander Barabanov is hit by Nikolay Goldobin and loses puck.
17:01 of 3rd period - Icing by Ross Colton.
17:02 of 3rd period - Ross Colton wins face-off versus Mark Scheifele in PITTSBURGH Penguins zone.
17:14 of 3rd period - Alexander Barabanov is hit by Ian Cole and loses puck.
17:25 of 3rd period - Shot by Mark Scheifele.
17:25 of 3rd period - Shot Misses the Net.
17:27 of 3rd period - Shot by Barclay Goodrow.
17:27 of 3rd period - Stopped by Darcy Kuemper without a rebound.
17:28 of 3rd period - Connor McDavid wins face-off versus Nikolay Goldobin in PITTSBURGH Penguins zone.
18:01 of 3rd period - Shot by Brad Marchand.
18:01 of 3rd period - Goal by Brad Marchand - PITTSBURGH Penguins : 2 - FLORIDA Panthers : 6.
18:02 of 3rd period - Mark Scheifele wins face-off versus William Nylander in neutral zone.
18:07 of 3rd period - Shot by Mark Scheifele.
18:07 of 3rd period - Deflect By Carter Verhaeghe.
18:07 of 3rd period - Shot Blocked by Anton Lindholm.
18:09 of 3rd period - Shot by Barclay Goodrow.
18:09 of 3rd period - Shot Misses the Net.
18:23 of 3rd period - Shot by Carter Verhaeghe.
18:23 of 3rd period - Shot Blocked by Gustav Nyquist.
19:36 of 3rd period - Shot by Michael Bunting.
19:36 of 3rd period - Shot Blocked by Anton Lindholm.
Goals for this period are 1 for PITTSBURGH Penguins vs 0 for FLORIDA Panthers.
Shots for this period are 8 for PITTSBURGH Penguins vs 7 for FLORIDA Panthers.